 Dungeon Crawl Stone Soup version 0.31-a0-538-gbc85326fa9 (webtiles) character file.

Game seed: 18353029114907537982

69410 bmack86 the Warrior (level 14, -2/144 HPs)
             Began as a Minotaur Fighter on Aug 14, 2023.
             Was the Champion of Okawaru.
             Killed from afar by an ice dragon (17 damage)
             ... with a blast of cold
             ... on level 5 of the Lair of Beasts.
             The game lasted 00:41:29 (19661 turns).

bmack86 the Warrior (Minotaur Fighter)             Turns: 19661, Time: 00:41:30

Health: -2/144     AC: 28    Str: 26    XL:     14   Next: 90%
Magic:  17/19      EV: 13    Int:  5    God:    Okawaru [******]
Gold:   1924       SH:  6    Dex: 10    Spells: 13/13 levels left

rFire   . . .        Q - +2 broad axe (flame)
rCold   . . .        c - +0 buckler
rNeg    + + .        u - +3 plate armour "Hatug" {Drain rPois rN++ Slay+2}
rPois   +            P - +0 hat "Uruxtica" {SInv}
rElec   .            l - +1 cloak of Starlight {*Dazzle EV+4 Stlth--}
rCorr   .            C - +2 pair of gloves
SInv    +            (no boots)
Will    +....        (no amulet) Stlth
                     g - ring of flight
HPRegen 0.44/turn    G - +4 ring of slaying
MPRegen 0.16/turn

%: no passive effects
@: heroic, flying
A: horns 2, retaliatory headbutt
a: Renounce Religion, Heroism, Finesse, Duel


You were on level 5 of the Lair of Beasts.
You worshipped Okawaru.
Okawaru was exalted by your worship.
You visited 3 branches of the dungeon, and saw 20 of its levels.
You also visited: Ossuary and Volcano.

You collected 1924 gold pieces.

Inventory:

Hand Weapons
 a - a +1 war axe of flaming
 Q - a +2 broad axe of flaming (weapon)
Missiles
 m - a throwing net
 F - 9 boomerangs (quivered)
 J - 4 javelins
Armour
 b - a +0 scale mail
 c - a +0 buckler (worn)
 l - the +1 cloak of Starlight (worn) {*Dazzle EV+4 Stlth--}
   (You found it on level 2 of the Dungeon)

   *Dazzle:   It may blind those who miss an attack against the wearer in melee
   combat.
   EV+4:      It affects your evasion (+4).
   Stlth--:   It makes you much less stealthy.
 t - a +1 chain mail
 u - the +3 plate armour "Hatug" (worn) {Drain rPois rN++ Slay+2}
   (Okawaru gifted it to you on level 1 of the Lair of Beasts)

   Slay+2:    It affects your accuracy & damage with ranged weapons and melee
   (+2).
   rPois:     It protects you from poison rN++: It greatly protects you from
   negative energy.
   Drain:     It drains your maximum health when unequipped.
 C - a +2 pair of gloves (worn)
 E - a +0 plate armour
 O - a +4 chain mail of fire resistance
 P - the +0 hat "Uruxtica" (worn) {SInv}
   (Okawaru gifted it to you in a volcano)

   SInv:      It lets you see invisible.
 R - a +1 hat of intelligence
Jewellery
 g - a ring of flight (left hand)
 o - the ring of Qijugem {rC+ Str+6}
   (You found it on level 5 of the Lair of Beasts)

   [ring of strength]

   Str+6:     It affects your strength (+6).
   rC+:       It protects you from cold.
 s - a ring of wizardry
 D - a ring of ice
 G - a +4 ring of slaying (right hand)
 L - a ring of ice
 S - a +6 ring of strength
Wands
 h - a wand of flame (15)
 r - a wand of digging (10)
 x - a wand of acid (8)
 B - a wand of roots (26)
 H - a wand of paralysis (1)
Scrolls
 e - 7 scrolls of teleportation
 i - 6 scrolls of vulnerability
 y - 3 scrolls of fog
 M - 4 scrolls of identify
 N - a scroll of blinking
 T - 2 scrolls of fear
Potions
 d - 5 potions of might
 f - 6 potions of curing
 j - a potion of ambrosia
 k - 2 potions of resistance
 n - 2 potions of attraction
 p - a potion of invisibility
 q - 2 potions of enlightenment
 v - 3 potions of brilliance
 w - 5 potions of magic
 z - 7 potions of mutation
 A - 2 potions of cancellation
 I - a potion of haste
 K - 2 potions of lignification


   Skills:
 * Level 18.5(23.5) Fighting
 - Level 18.0(23.0) Axes
 + Level 7.6(12.6) Throwing
 + Level 13.7(18.7) Armour
 - Level 5.0(10.0) Shields
 - Level 8.0 Invocations


You had 13 spell levels left.
You didn't know any spells.
Your spell library contained the following spells:

 Spells                   Type           Power      Damage    Failure   Level
 Sandblast                Erth           0%         2d4       97%         1
 Slow                     Hex            0%         N/A       97%         1
 Passwall                 Tmut/Erth      0%         N/A       99%         2
 Confusing Touch          Hex            0%         N/A       100%        3
 Gell's Gravitas          Tloc           0%         N/A       100%        3
 Ozocubu's Armour         Ice            0%         N/A       100%        3
 Portal Projectile        Hex/Tloc       0%         N/A       100%        3
 Stone Arrow              Conj/Erth      0%         3d7       100%        3
 Teleport Other           Tloc           0%         N/A       100%        3
 Vampiric Draining        Necr           0%         2d6       100%        3
 Leda's Liquefaction      Hex/Erth       0%         N/A       100%        4
 Passage of Golubria      Tloc           0%         N/A       100%        4
 Metabolic Englaciation   Hex/Ice        0%         N/A       100%        5
 Silence                  Hex/Air        0%         N/A       100%        5
 Dispersal                Tloc           0%         N/A       100%        6
 Eringya's Noxious Bog    Tmut/Pois      0%         4d6       100%        6
 Lehudib's Crystal Spear  Conj/Erth      0%         10d2      100%        8
 Call Canine Familiar     Summ           Unusable   N/A       N/A         3
 Summon Forest            Summ/Tloc      Unusable   N/A       N/A         5
 Simulacrum               Ice/Necr       Unusable   N/A       N/A         6
 Summon Hydra             Summ           Unusable   N/A       N/A         7

Dungeon Overview and Level Annotations

Branches:
Dungeon (14/15)            Temple (1/1) D:7            Lair (5/5) D:9
  Swamp (0/4) Lair:3       Spider (0/4) Lair:2        Slime (0/5) Lair:4
    Orc (0/2) D:9         Ossuary (visited)         Volcano (visited)
 Vaults: D:13-14

Altars:
Ashenzari
Cheibriados
Dithmenos
Elyvilon
Fedhas
Gozag
Hepliaklqana
Kikubaaqudgha
Makhleb
Nemelex Xobeh
Okawaru
Qazlal
Ru
Sif Muna
Trog
Uskayaw
Vehumet
Wu Jian
Xom
Yredelemnul
Zin
The Shining One
Jiyva

Shops:
D:6 :   D:12 :

Portals:
Ice
Cave: Lair:5


Innate Abilities, Weirdness & Mutations

You have a pair of horns on your head.
You reflexively headbutt those who attack you in melee.


Message History

You hit the elephant. You burn the elephant. You headbutt the elephant.
The elephant is heavily wounded.
You slash the rime drake! You burn the rime drake. You slice the yak!!
You burn the yak!
You kill the yak!
Okawaru accepts your kill.
The rime drake bites you but does no damage.
You completely miss the elephant. You headbutt the elephant!
The elephant is severely wounded.
You slice the rime drake!! You burn the rime drake.
You kill the rime drake!
Okawaru accepts your kill. The elephant tramples you!
* * * LOW HITPOINT WARNING * * *
You hold your ground!
The elephant trunk-slaps you but does no damage.
You feel better. The ice dragon misses you. You furiously retaliate!
You headbutt the ice dragon!
The ice dragon's sight is seared by the starlight!
The ice dragon closely misses you.
The ice dragon tramples you but does no damage.
An elephant comes into view.
You block the elephant's attack. The elephant closely misses you.
You block the polar bear's attack.
The polar bear claws you but does no damage. x2
You gain the combat prowess of a mighty hero.
The ice dragon barely misses you. You furiously retaliate!
You headbutt the ice dragon! You block the ice dragon's attack.
The ice dragon tramples you but does no damage.
You block the elephant's attack.
The elephant trunk-slaps you but does no damage.
The polar bear closely misses you.
The polar bear claws you but does no damage. x2
You closely miss the ice dragon.
The ice dragon is moderately wounded.
You completely miss the elephant. You hit the polar bear.
You burn the polar bear. The ice dragon breathes frost at you.
The blast of cold hits you!
You die...

*,+***,,,,,+* *******,,,,,,,,,,,*
,,,****,,,,,*##...##*,,,,,,,,,,**
*,,,* *,,,,**#.....**,,,**,,,,,**
**,,***,,,,* #..∩..**,,,**,,,****
*****,*,,,,* *....,**,,,*********
****#......##*#...***,,,,,**,,,**
,,**........#*,..##**,,,,,,,,,,,,
,,,,........#**#Dh#*,,,,,,,,,,,,,
,,,,........## #@#**,,,,,,,,,,,,,
,............###Y# *,,,,,,,,,,,,,
,...........?##Y## *,,,,,,,,,*,,*
,............###.##**,,*#,*,,,*,*
,............####.###....**,,,***
,........l............Y#***,,,,*
.......................# *,,,,**
........†..............#***,,,* *
........................# ***,***


You could see an ice dragon (blind, catching breath), 2 elephants and a polar
bear.

Vanquished Creatures
  A fire dragon (Volcano)
  Josephine (D:11)
  7 hydras
  2 centaur warriors
  5 boulder beetles
  5 death yaks
  4 two-headed ogres
  2 skysharks
  A death drake (shapeshifter) (D:14)
  A goliath frog (Lair:5)
  A bog body (Lair:3)
  A wizard (D:14)
  An orc knight (D:13)
  7 ugly things
  An oklob plant (Lair:1)
  8 manticores
  A cyclops (D:14)
  3 salamanders (Volcano)
  2 torpor snails (Lair:4)
  Joseph (D:8)
  2 black mambas
  5 elephants (Lair:4)
  19 cane toads
  7 komodo dragons
  2 kobold demonologists (D:11)
  A gargoyle (D:12)
  6 rime drakes
  2 unseen horrors (D:10)
  9 meliai
  A merfolk (D:11)
  A queen bee (Lair:4)
  A troll (D:10)
  4 polar bears
  3 tyrant leeches (Lair:5)
  10 blink frogs
  7 dream sheep (Lair:5)
  A vampire (D:12)
  2 jumping spiders (Lair:2)
  12 wyverns
  A culicivora (Lair:2)
  11 fire bats (Volcano)
  43 yaks
  4 wraiths
  3 steam dragons
  2 basilisks (Lair:4)
  3 redbacks (Lair:2)
  10 vampire mosquitoes
  An acid dragon (D:10)
  9 water moccasins
  5 orc warriors
  4 black bears
  14 wolves
  2 ice beasts (D:7)
  16 centaurs
  8 ogres
  3 elf zombies (Ossuary)
  20 bullfrogs
  A gnoll sergeant (D:7)
  4 scorpions
  3 kobold brigands
  38 killer bees
  10 howler monkeys
  2 electric eels (Lair:4)
  2 centaur zombies (Ossuary)
  2 hounds
  5 orc priests
  A gnoll bouda (D:4)
  2 sleepcaps
  7 iguanas
  Ijyb (D:3)
  Terence (D:3)
  Natasha (thrice) (D:2)
  6 orc wizards
  2 hound zombies (Ossuary)
  4 mummies
  2 adders (D:5)
  11 gnolls
  A shadow imp (D:4)
  A white imp (D:6)
  3 ufetubi
  3 adder zombies (Ossuary)
  6 dart slugs
  39 orcs
  8 bats
  7 endoplasms
  3 giant cockroaches
  5 goblins
  4 hobgoblins
  7 jackals (D:2)
  18 kobolds
  2 quokkas
  10 ball pythons
  3 frilled lizards
  A gnoll zombie (Ossuary)
  3 goblin zombies (Ossuary)
  3 hobgoblin zombies (Ossuary)
  5 jackal zombies (Ossuary)
  6 kobold zombies (Ossuary)
  2 orc zombies (Ossuary)
  4 quokka zombies (Ossuary)
  5 rats
  2 rat zombies (Ossuary)
  2 butterflies (Lair:3)
569 creatures vanquished.

Notes
Turn   | Place    | Note
-------+----------+-------------------------------------------
     0 | D:1      | bmack86 the Minotaur Fighter began the quest for the Orb.
     0 | D:1      | Reached XP level 1. HP: 19/19 MP: 0/0
   320 | D:1      | Reached XP level 2. HP: 26/26 MP: 1/1
   324 | D:1      | Noticed a golden eye
   325 | D:1      | Found a faded altar of an unknown god.
   332 | D:1      | Noticed a floating eye
   337 | D:1      | Noticed a golden eye
   494 | D:1      | Noticed a shining eye
   999 | D:2      | Reached XP level 3. HP: 31/31 MP: 2/2
  1108 | D:2      | Noticed Natasha
  1113 | D:2      | Killed Natasha
  1114 | D:2      | Reached skill level 5 in Axes
  1131 | D:2      | Noticed Natasha
  1139 | D:2      | Killed Natasha
  1140 | D:2      | Reached XP level 4. HP: 25/39 MP: 3/3
  1244 | D:2      | Found the +1 cloak of Starlight {*Dazzle EV+4 Stlth--}
  1803 | D:2      | Noticed Natasha
  1813 | D:2      | Killed Natasha
  2132 | D:3      | Reached XP level 5. HP: 45/45 MP: 4/4
  2193 | D:3      | Noticed Ijyb
  2211 | D:3      | Killed Ijyb
  2308 | D:3      | Noticed Terence
  2321 | D:3      | Killed Terence
  2648 | D:4      | Reached XP level 6. HP: 51/51 MP: 5/5
  2809 | D:4      | Found a bloodstained altar of Trog.
  2955 | D:4      | Reached XP level 7. HP: 53/57 MP: 6/6
  3193 | D:5      | Entered Level 5 of the Dungeon
  3482 | D:5      | Reached skill level 10 in Axes
  4177 | D:6      | Reached XP level 8. HP: 54/64 MP: 7/7
  4650 | D:6      | Found Zoep's Book Emporium.
  4928 | D:7      | Found a staircase to the Ecumenical Temple.
  4934 | Temple   | Entered the Ecumenical Temple
  4941 | Temple   | Became a worshipper of Warmaster Okawaru
  5004 | D:7      | Reached skill level 1 in Invocations
  5024 | D:7      | Found a sand-covered staircase.
  5130 | Ossuary  | Entered an ossuary
  5378 | Ossuary  | Reached * piety under Okawaru
  5379 | Ossuary  | Reached XP level 9. HP: 68/70 MP: 9/9
  5950 | D:7      | Found a sparkling altar of Nemelex Xobeh.
  6445 | D:8      | Noticed Joseph
  6457 | D:8      | Killed Joseph
  6457 | D:8      | Reached ** piety under Okawaru
  6458 | D:8      | Reached skill level 15 in Axes
  6880 | D:8      | Reached skill level 5 in Invocations
  7353 | D:9      | Found a sacrificial altar of Ru.
  7384 | D:9      | Reached XP level 10. HP: 77/77 MP: 11/13
  7563 | D:9      | Reached *** piety under Okawaru
  7578 | D:9      | Found a glowing golden altar of the Shining One.
  7580 | D:9      | Found a shimmering blue altar of Sif Muna.
  7643 | D:9      | Found a radiant altar of Vehumet.
  7834 | D:9      | Found a staircase to the Lair.
  7905 | D:9      | Found a staircase to the Orcish Mines.
  8192 | D:10     | Entered Level 10 of the Dungeon
  8731 | D:10     | Found a white marble altar of Elyvilon.
  8777 | D:10     | Reached **** piety under Okawaru
  9255 | D:11     | Noticed Josephine
  9267 | D:11     | Killed Josephine
  9378 | D:11     | Reached XP level 11. HP: 75/82 MP: 15/15
  9416 | D:11     | Reached ***** piety under Okawaru
  9864 | D:11     | Received a gift from Okawaru
  9865 | D:11     | Reached skill level 5 in Fighting
 10109 | D:12     | Noticed a boulder beetle
 10113 | D:12     | Noticed a boulder beetle
 10118 | D:12     | Killed a boulder beetle
 10127 | D:12     | Killed a boulder beetle
 10128 | D:12     | Reached skill level 5 in Armour
 10128 | D:12     | Reached skill level 5 in Shields
 10478 | D:12     | Noticed a boulder beetle
 10488 | D:12     | Killed a boulder beetle
 10722 | D:12     | Found Vavomaqo's Book Boutique.
 11086 | D:13     | Noticed a centaur warrior
 11096 | D:13     | Killed a centaur warrior
 11226 | D:13     | Noticed a green ugly thing
 11239 | D:13     | Killed a green ugly thing
 11517 | D:13     | Received a gift from Okawaru
 11522 | D:13     | Noticed a purple ugly thing
 11533 | D:12     | Killed a purple ugly thing
 11743 | D:13     | Reached XP level 12. HP: 83/105 MP: 17/17
 12128 | D:14     | Noticed a centaur warrior
 12135 | D:14     | Killed a centaur warrior
 12135 | D:14     | Reached ****** piety under Okawaru
 12136 | D:14     | Reached skill level 10 in Fighting
 12137 | D:14     | Received a gift from Okawaru
 12152 | D:14     | HP: 1/107 [poison (dark miasma)]
 12578 | D:14     | Noticed a two-headed ogre
 12584 | D:14     | Killed a two-headed ogre
 12652 | D:14     | Noticed a two-headed ogre
 12738 | D:14     | Identified the +0 scale mail of Kindness {Str+4}
 12743 | D:14     | Noticed a two-headed ogre
 12750 | D:14     | Killed a two-headed ogre
 12962 | Lair:1   | Entered Level 1 of the Lair of Beasts
 13095 | Lair:1   | Noticed an eight-headed hydra
 13100 | Lair:1   | Killed a six-headed hydra
 13101 | Lair:1   | Found the +1 robe of Vines {NoPotionHeal Regen++++}
 13108 | Lair:1   | Noticed a five-headed hydra
 13113 | Lair:1   | Identified the +3 plate armour "Hatug" {Drain rPois rN++
                  | Slay+2} (Okawaru gifted it to you on level 1 of the Lair of
                  | Beasts)
 13113 | Lair:1   | Received a gift from Okawaru
 13258 | Lair:1   | Reached skill level 10 in Armour
 13600 | Lair:1   | Killed a one-headed hydra
 14300 | Lair:2   | Reached XP level 13. HP: 123/123 MP: 18/18
 14579 | Lair:2   | Reached skill level 1 in Throwing
 14759 | Lair:2   | Found a hide-covered altar of Uskayaw.
 14851 | Lair:2   | Found a hole to the Spider Nest.
 14936 | Lair:2   | Found an ornate altar of the Wu Jian Council.
 15546 | Lair:3   | Found a shimmering altar of Xom.
 15712 | Lair:3   | Reached skill level 15 in Fighting
 16218 | Lair:3   | Found a staircase to the Swamp.
 16951 | Lair:4   | Received a gift from Okawaru
 16984 | Lair:4   | Identified the +1 battleaxe "Dithechu" {freeze, Contam
                  | rCorr Int+5} (Okawaru gifted it to you on level 4 of the
                  | Lair of Beasts)
 16984 | Lair:4   | Received a gift from Okawaru
 17038 | Lair:4   | Found a dark tunnel.
 17066 | Lair:4   | Found a staircase to the Slime Pits.
 17069 | Lair:4   | Found a viscous altar of Jiyva.
 17090 | Volcano  | Entered a volcano
 17443 | Volcano  | Reached skill level 5 in Throwing
 17519 | Volcano  | Reached XP level 14. HP: 116/138 MP: 19/19
 17549 | Volcano  | Identified the +0 hat "Uruxtica" {SInv} (Okawaru gifted it
                  | to you in a volcano)
 17549 | Volcano  | Received a gift from Okawaru
 19397 | Lair:5   | Entered Level 5 of the Lair of Beasts
 19452 | Lair:5   | Received a gift from Okawaru
 19512 | Lair:5   | Identified the ring of Qijugem {rC+ Str+6}
 19648 | Lair:5   | Found a frozen archway.
 19658 | Lair:5   | HP: 7/144 [elephant (9)]
 19661 | Lair:5   | Killed from afar by an ice dragon

Illustrated notes

Levels and vault maps discovered:
D:1:      tarquinn_simple_flora_water_c, layout_loops_corners,
          hellmonk_ecumenical_altar_watching_god, minmay_misc_feat_plants
D:2:      layout_loops_corners, uniq_natasha
D:3:      layout_basic, uniq_terence, uniq_ijyb
D:4:      wander_river, layout_cave_pools, trog_ov_bears_minmay, chequers_garden
D:5:      layout_loops_ring
D:6:      layout_basic, serial_shops, nicolae_book_shop_shelving
D:7:      layout_rooms, nemelex_dance_club_becter,
          minmay_temple_entry_enclosed_plants, gup_ossuary_entry_pyramid,
          wad_floor_pattern_2, minivault_22, hangedman_abyss_or_decor_stagger
D:8:      layout_cave_pods, serial_rivers, chequers_serial_rivers_small_a,
          chequers_serial_rivers_small_3, chequers_serial_rivers_micro_b,
          chequers_serial_rivers_micro_b, chequers_serial_rivers_micro_d,
          uniq_joseph
D:9:      layout_small_grid, overflow_temple_1_default,
          mainiacjoe_overflow_catwalk_spiral, nicolae_ru_path_of_blood,
          lair_entry_dummy, hiddenorc1_lemuel
D:10:     layout_gridville, elyvilon_altar_3
D:11:     layout_long_grid, glass_columns_c, hangedman_fish_farm, uniq_josephine
D:12:     layout_basic, serial_shops, nicolae_shop_just_a_little_nook,
          kennysheep_generic_room_15
D:13:     layout_roguey, lightli_minifort
D:14:     layout_irregular_city, hangedman_vaults_entry_quadrant_bands,
          okawaru_trees_1, serial_column_ruins, column_ruins_grid_1,
          column_ruins_open_small, column_ruins_corridor_dead_end, serial_shops,
          nicolae_shop_window_shopping
Temple:   hellmonk_temple_two_chambers
Lair:1:   layout_small_grid, hellmonk_guarded_unrand_vines
Lair:2:   layout_regular_city, nicolae_spider_entry_tight_spaces,
          serial_bayou_pond_d, nzn_masters_of_martial_movement
Lair:3:   layout_cellular_growth, skrybe_swamp_entry_bodies,
          lemuel_centaur_altar, lemuel_fruit_fields, lemuel_fruit_tree,
          grunt_megastairs_2
Lair:4:   regret_index_combs_of_tragedy, layout_gridlike, slime_entry_1,
          enter_volcano_1, pond
Lair:5:   minmay_lair_end_frog_pond, layout_regular_city,
          portal_ice_cave_entry_animals_and_master

Skill      XL: |  1  2  3  4  5  6  7  8  9 10 11 12 13 14 |
---------------+-------------------------------------------+-----
Axes           | 3 4 5 6 7 9 11 13 15 17 18 | 18.0
Invocations    | 2 5 7 8 |  8.0
Fighting       | 9 13 16 18 | 18.5
Armour         | 7 10 12 13 | 13.7
Shields        | 5 |  5.0
Throwing       | 5 7 |  7.6

Action                     |  1- 3 |  4- 6 |  7- 9 | 10-12 | 13-15 || total
---------------------------+-------+-------+-------+-------+-------++-------
  Melee: War axe           |    61 |    98 |   288 |   353 |   297 ||  1097
         Headbutt          |    10 |    14 |    51 |    80 |   122 ||   277
         Broad axe         |       |       |       |       |   176 ||   176
  Throw: Boomerang         |       |       |       |     6 |     8 ||    14
 Invoke: Heroism           |       |       |       |     2 |     2 ||     4
         Finesse           |       |       |       |     1 |     1 ||     2
  Evoke: Wand              |       |     7 |    24 |    15 |       ||    46
    Use: Scroll            |       |     4 |    14 |    17 |     3 ||    38
         Potion            |       |       |       |     1 |     6 ||     7
   Stab: Invisible         |       |     1 |     2 |     6 |    15 ||    24
 Armour: Scale mail        |    34 |    22 |       |       |       ||    56
         Chain mail        |       |    21 |    90 |     1 |       ||   112
         Plate armour      |       |       |       |   193 |   354 ||   547
  Dodge: Dodged            |    35 |    98 |   156 |   163 |   289 ||   741
  Block: Buckler           |    17 |    26 |    44 |    96 |   113 ||   296

Table legend: (Time is in decaauts)
 A = Elapsed time spent in this place.
 B = Non-inter-level travel time spent in this place.
 C = Inter-level travel time spent in this place.
 D = Time resting spent in this place.
 E = Time spent auto-exploring this place.
 F = Levels seen in this place.
 G = Mean time per level.
                   A        B        C        D        E       F      G
               +--------+--------+--------+--------+--------+-----+--------+
         Total |  19452 |  18839 |    613 |    884 |  13537 |  22 |  884.2 |
       Dungeon |  12591 |  12075 |    516 |    540 |   9057 |  14 |  899.4 |
        Temple |     14 |     14 |      0 |      0 |      0 |   1 |   14.0 |
          Lair |   5598 |   5501 |     97 |    181 |   4115 |   5 | 1119.6 |
       Ossuary |    288 |    288 |      0 |      0 |     36 |   1 |  288.0 |
       Volcano |    959 |    959 |      0 |    163 |    329 |   1 |  959.0 |
               +--------+--------+--------+--------+--------+-----+--------+

Top non-repeatable levels by time:
  Lair:4: 1457 daAuts
  Lair:3: 1421 daAuts
  Lair:1: 1292 daAuts
  Lair:2: 1183 daAuts
     D:8: 1136 daAuts
    D:12: 1055 daAuts
     D:7: 1012 daAuts
     D:9: 999 daAuts
     D:2: 983 daAuts
    D:13: 961 daAuts
 Volcano: 959 daAuts
    D:10: 949 daAuts
     D:1: 912 daAuts
    D:11: 886 daAuts
     D:6: 848 daAuts
